Map: Acropolis LE

Players

Sinanju - Winner!

  • Race: Protoss Protoss
  • Spawn Location: 11:00

pHARM

  • Race: Zerg Zerg
  • League: Platinum
  • Spawn Location: 5:00

VOD

Have the link to the VOD?

Description

Time

  • Played on: July 20, 2019, 1:21 p.m.
  • Length: 8:54
Show
View Real Time Build Order
Export as new Build Order

Sinanju Protoss - Winner!

Build Orders: 1 Gate Expand, Zealot Archon, Archon Drop, Dark Templar Rush 

Get SALT Encoding   

  12  0:02  Probe  
  14  0:14  Probe  
  14  0:28  Probe, Pylon  
  15  0:43  Probe  
  15  0:48  Gateway  
  16  0:51  Probe  
  16  0:55  Assimilator  
  17  0:59  Probe  
  18  1:07  Probe  
  18  1:15  Probe  
  20  1:28  Nexus  
  21  1:37  Cybernetics Core  
  20  1:48  Probe  
  20  1:52  Pylon  
  20  1:54  Assimilator  
  21  2:01  Probe  
  22  2:15  Probe  
  23  2:16  Adept  
  23  2:17  Warp Gate  
  25  2:27  Probe  
  26  2:35  Twilight Council  
  26  2:36  Probe x2  
  26  2:44  Probe x2  
  28  2:46  Stalker  
  32  2:55  Robotics Facility  
  32  2:57  Probe  
  32  3:01  Probe  
  34  3:09  Probe  
  35  3:13  Probe  
  35  3:19  Dark Shrine  
  36  3:31  Gateway  
  36  3:32  Probe  
  36  3:33  Probe  
  38  3:40  Warp Prism  
  38  3:45  Gateway  
  38  3:47  Gateway  
  38  3:49  Probe x2  
  42  3:55  Pylon  
  42  4:00  Shield Battery  
  42  4:01  Probe x2  
  44  4:10  Pylon  
  44  4:13  Probe  
  43  4:43  Dark Templar x3  
  49  4:49  Dark Templar  
  51  4:55  Probe x2  
  51  4:56  Resonating Glaives  
  51  4:57  Assimilator  
  51  4:58  Assimilator  
  53  5:07  Probe x2  
  53  5:10  Pylon  
  55  5:19  Probe x2  
  57  5:26  Adept x2  
  61  5:31  Probe  
  62  5:59  Adept x4  
  62  6:03  Gateway x2  
  70  6:05  Gateway  
  70  6:07  Gateway  
  70  6:08  Pylon  
  70  6:11  Pylon  
  70  6:13  Archon  
  70  6:15  Archon  
  70  6:27  Immortal  
  74  6:34  Forge  
  74  6:35  Nexus  
  74  6:37  Pylon  
  74  6:39  Pylon  
  74  6:42  Adept x4  
  82  7:09  Adept x8  
  98  7:25  Pylon  
  98  7:31  Pylon  
  98  7:35  Pylon  
  98  7:46  Dark Templar x8  
  98  7:50  Archon x4, Probe x2  
  98  7:51  Probe  
  117  7:59  Probe x3  
  120  8:07  Probe x2  
  122  8:26  Adept  
  122  8:27  Adept x7  
  133  8:49  Adept x4  
Show
View Real Time Build Order
Export as new Build Order

pHARM Zerg 

Build Orders: 3 Hatch before Pool, Swarm Host 

Get SALT Encoding   

  12  0:01  Drone  
  13  0:11  Drone  
  14  0:16  Overlord  
  14  0:34  Drone x3  
  17  0:52  Hatchery  
  16  1:14  Drone  
  16  1:17  Drone  
  18  1:20  Drone  
  18  1:24  Hatchery  
  18  1:33  Extractor  
  17  1:40  Spawning Pool  
  17  1:42  Drone  
  17  1:43  Drone  
  18  2:06  Drone x3  
  21  2:21  Drone  
  21  2:22  Drone x2  
  24  2:38  Drone x4, Queen x2  
  32  2:45  Queen  
  34  2:56  Metabolic Boost  
  34  3:09  Overlord x2  
  34  3:27  Drone x7  
  34  3:28  Drone  
  42  3:34  Drone  
  42  3:39  Lair  
  43  3:56  Drone x6  
  47  4:24  Extractor  
  47  4:26  Extractor  
  47  4:27  Overlord x2  
  45  4:37  Roach Warren  
  45  4:38  Extractor  
  43  4:43  Overlord x4  
  43  4:58  Drone x2  
  43  4:59  Drone x10  
  55  5:02  Infestation Pit  
  54  5:20  Zergling x16  
  54  5:21  Zergling x2  
  63  5:24  Spore Crawler  
  62  5:30  Spine Crawler  
  62  5:31  Spore Crawler  
  62  5:33  Spine Crawler  
  59  5:38  Overseer  
  52  6:00  Drone  
  52  6:04  Swarm Host  
  52  6:05  Swarm Host x7  
  76  6:11  Nydus Network  
  76  6:17  Hatchery  
  74  6:29  Overlord x2  
  74  6:30  Swarm Host x2  
  73  7:14  Overseer  
  73  7:22  Overseer  
  73  7:28  Swarm Host  
  73  7:29  Swarm Host x6  
  94  7:39  Spine Crawler  
  94  7:43  Spore Crawler  
  92  7:51  Nydus Canal  
  92  7:57  Swarm Host x3  
Tags
 
Add a new tag
Caveats
  • Supply blocks, unpowered buildings, or Contaminate may cause inaccurate times.
  • Supply counts are checked every 10 seconds.